 Dungeon Crawl Stone Soup version 0.31.0-2-g5a2aebc5c2 (webtiles) character file.

Game seed: 4012922369439909996

10863 Leszczynek the Fighter (level 11, -3/162 HPs)
             Began as a Barachi Shapeshifter on Jan 20, 2024.
             Was an Elder of Trog.
             Succumbed to a green death's poison gas
             ... on level 1 of the Abyss.
             The game lasted 00:26:59 (9337 turns).

Leszczynek the Fighter (Barachi Shapeshifter)       Turns: 9337, Time: 00:27:00

Health: -3/162     AC:  7    Str: 23    XL:     11   Next: 68%
Magic:  11/11      EV: 12    Int: 12    God:    Trog [****..]
Gold:   606        SH:  5    Dex: 13    Spells: 10/10 levels left

rFire   . .          .
                       - Unarmed
rCold   + . .        z - +0 buckler
rNeg    . . .        o - +2 ring mail {Will+}
rPois   .            (helmet currently unavailable)
rElec   .            (cloak currently unavailable)
rCorr   .            a - melded +0 pair of gloves
SInv    .            i - melded +1 pair of boots
Will    +++..        (no amulet) Stlth
                     e - ring of protection from cold
HPRegen 2.27/turn    q - +6 ring of strength
MPRegen 0.12/turn

%: no passive effects
@: berserking, lethally poisoned (-3 -> -92), beast-form, strong-willed,
regenerating, quick
A: beast (slay +4), amphibious, slowness 1, strong legs 1, +LOS, regeneration 1,
robust 1
a: Hop, Begin Untransformation, Renounce Religion, Berserk, Trog's Hand,
Brothers in Arms


You were on level 1 of the Abyss.
You worshipped Trog.
Trog was greatly pleased with you.
You were a hulking beast.
You visited 1 branch of the dungeon, and saw 10 of its levels.
You visited the Abyss 1 time.

You collected 606 gold pieces.

Inventory:

Hand Weapons
 b - a +6 sling of draining
Missiles
 j - 32 poisoned darts
 l - 4 javelins
 t - 2 throwing nets
 C - 9 boomerangs
Armour
 a - a +0 pair of gloves (melded)
 h - a +3 leather armour of poison resistance
 i - a +1 pair of boots (melded)
 o - a +2 ring mail of willpower (worn)
 v - a +0 kite shield
 z - a +0 buckler (worn)
Jewellery
 e - a ring of protection from cold (left hand)
 q - a +6 ring of strength (right hand)
 H - the ring of Arrival {rCorr Slay+2}
   (You found it on level 8 of the Dungeon)

   [ring of resist corrosion]

   Slay+2:    It affects your accuracy & damage with ranged weapons and melee
   (+2).
   rCorr:     It protects you from acid and corrosion.
 K - a ring of willpower
Talismans
 c - a beast talisman (active)
 d - a flux talisman
Wands
 g - a wand of polymorph (17)
 k - a wand of roots (12)
 E - a wand of mindburst (11)
 J - a wand of charming (3)
Scrolls
 f - 2 scrolls of silence {!r}
 m - 2 scrolls of teleportation
 p - 4 scrolls of revelation
 r - 5 scrolls of blinking
 w - a scroll of butterflies
 y - a scroll of immolation {unknown}
 F - a scroll of poison
 L - a scroll of fog {unknown}
Potions
 n - 2 potions of haste
 u - a potion of heal wounds {@q2}
 x - a potion of resistance
 B - a potion of enlightenment
 D - a potion of mutation {!q}


   Skills:
 - Level 13.6 Fighting
 * Level 4.0 Dodging
 - Level 6.0 Shields
 - Level 12.1 Unarmed Combat
 + Level 3.0 Evocations
 + Level 8.6 Shapeshifting


You had 10 spell levels left.
You didn't know any spells.
Your spell library contained the following spells:

 Spells                   Type           Power      Damage    Failure   Level
 Cigotuvi's Dreadful Rot  Necr/Alch/Air  0%         N/A       67%         2
 Dispel Undead            Necr           0%         3d6       99%         4
 Martyr's Knell           Necr/Summ      0%         N/A       99%         4
 Death Channel            Necr           0%         N/A       100%        6


Dungeon Overview and Level Annotations

Branches:
Dungeon (10/15)            Temple (0/1) D:4            Lair (0/5) D:9
    Orc: D:9-12

Altars:
Dithmenos
Hepliaklqana
Makhleb
Okawaru
Ru
Trog
Uskayaw
Xom
Zin
The Shining One

Shops:
D:2 :

Annotations:
D:2 1 runed translucent door, Crazy Yiuf
D:5 Prince Ribbit
D:10 Sonja


Innate Abilities, Weirdness & Mutations

You are a hulking beast.
Your limbs bulge with bestial killing power. (Slay +4)
You are amphibious.
You cover ground slowly.
You can hop short distances.
You have an extended range of vision and can be seen from far away.
Your natural rate of healing is unusually fast.
You are robust. (+10% HP)


Message History

The green death gestures at you. The blast of poison engulfs you.
You are more poisoned.
You hit the green death.
The green death is lightly wounded.
You are engulfed in poison gas.
You are more poisoned.
You feel very sick.
You punch the green death!
The green death is moderately wounded.
You are engulfed in poison gas.
You are more poisoned.
You feel very sick. The green death hits you!!
You punch the green death!
The green death is moderately wounded.
You are engulfed in poison gas.
You are more poisoned.
You feel extremely sick.
You punch the green death!
The green death is heavily wounded.
You are engulfed in poison gas.
You are more poisoned.
You feel extremely sick. The green death gestures at you.
The poison arrow hits you!!!
You are lethally poisoned!
* * * LOW HITPOINT WARNING * * *
You are too berserk!
You punch the green death!
The green death is severely wounded.
You are engulfed in poison gas.
You are more poisoned.
* * * LOW HITPOINT WARNING * * *
* * * LOW HITPOINT WARNING * * *
You feel extremely sick.
You hit the green death.
The green death is severely wounded.
You are engulfed in poison gas.
You are more poisoned.
* * * LOW HITPOINT WARNING * * *
You die...

############
#..........#
.°○○°°... ...○○○..
.########
#####2###..#......
#h# ##.#...# ###
#.# # # .#.# . 2
## #.## # .. # ##
.# .. .# .# ##


You could see a green death.

Vanquished Creatures
  A tentacled starspawn (Abyss:1)
  A two-headed ogre (D:9)
  Pikel (D:4)
  An elephant (D:9)
  Joseph (D:7)
  An orange demon (Abyss:1)
  Psyche (D:8)
  A hellwing (Abyss:1)
  2 wyverns
  A basilisk (D:9)
  A fire bat (D:5)
  3 yaks (D:8)
  A neqoxec (Abyss:1)
  Edmund (D:4)
  Duvessa (D:4)
  2 water moccasins
  3 sky beasts
  3 black bears
  5 orc warriors (D:9)
  An ogre (D:5)
  6 centaurs
  6 starcursed masses (Abyss:1)
  4 lemures (D:3)
  A phantom (D:6)
  A kobold brigand (D:10)
  2 gnoll sergeants (D:6)
  5 bullfrogs
  3 small abominations (Abyss:1)
  5 scorpions
  13 wights
  Dowan (D:4)
  4 killer bees (D:8)
  2 howler monkeys
  5 bombardier beetles
  A crimson imp (D:7)
  5 hounds
  6 jellies
  4 orc priests
  4 iguanas
  5 orc wizards
  3 sleepcaps
  Natasha (thrice) (D:2)
  Robin (D:2)
  32 gnolls
  8 adders
  A shadow imp (D:5)
  4 white imps
  A dart slug (D:3)
  A ribbon worm (D:3)
  25 orcs
  4 bats
  9 endoplasms
  2 giant cockroaches
  13 goblins
  7 hobgoblins
  11 kobolds
  6 quokkas
  5 ball pythons
  2 frilled lizards
  3 rats
256 creatures vanquished.

Vanquished Creatures (others)
  2 starspawn tentacles (Abyss:1)
2 creatures vanquished.

Grand Total: 258 creatures vanquished

Notes
Turn   | Place    | Note
-------+----------+-------------------------------------------
     0 | D:1      | Leszczynek the Barachi Shapeshifter began the quest for the
                  | Orb.
     0 | D:1      | Reached XP level 1. HP: 15/15 MP: 1/1
   145 | D:1      | Reached XP level 2. HP: 21/21 MP: 2/2
   574 | D:2      | Found a burning altar of Makhleb.
   594 | D:2      | Reached skill level 2 in Fighting
   598 | D:2      | Reached skill level 4 in Unarmed Combat
   598 | D:2      | Reached XP level 3. HP: 25/27 MP: 3/3
   614 | D:2      | Noticed Natasha
   636 | D:2      | HP: 5/27 [Natasha (4)]
   639 | D:2      | Killed Natasha
   640 | D:2      | Reached XP level 4. HP: 9/34 MP: 4/4
   688 | D:2      | Noticed Natasha
   693 | D:2      | HP: 4/34 [Natasha (7)]
   696 | D:2      | Reached skill level 13 in Fighting
   696 | D:2      | Reached XP level 5. HP: 8/60 MP: 5/5
   699 | D:2      | Killed Natasha
  1399 | D:2      | Reached XP level 6. HP: 62/67 MP: 6/6
  1457 | D:2      | Noticed Robin
  1516 | D:2      | Killed Robin
  1517 | D:2      | Reached skill level 4 in Shapeshifting
  1520 | D:2      | HP: 13/67 [poisoned by Robin]
  1525 | D:2      | HP: 9/67 [poisoned by Robin]
  1842 | D:2      | Found Adwim's Book Boutique.
  1914 | D:2      | Found a faded altar of an unknown god.
  1923 | D:2      | Prayed at the altar of an unknown god.
  1923 | D:2      | Became a worshipper of Trog the Wrathful
  1923 | D:2      | Reached * piety under Trog
  1973 | D:2      | Noticed Natasha
  1976 | D:2      | Killed Natasha
  2132 | D:2      | Found a runed translucent door.
  2133 | D:2      | Noticed Crazy Yiuf
  2247 | D:3      | Reached skill level 5 in Unarmed Combat
  2895 | D:3      | Found a shadowy altar of Dithmenos.
  3058 | D:3      | Gained mutation: You are robust. (+10% HP) [potion of
                  | mutation]
  3058 | D:3      | Gained mutation: Your natural rate of healing is unusually
                  | fast. [potion of mutation]
  3068 | D:4      | Noticed Pikel
  3111 | D:4      | Found a hazy altar of Hepliaklqana.
  3173 | D:4      | HP: 13/73 [gnoll/+0 halberd (13)]
  3315 | D:3      | Reached ** piety under Trog
  3332 | D:4      | Reached XP level 7. HP: 25/80 MP: 7/7
  3393 | D:4      | Found a staircase to the Ecumenical Temple.
  3573 | D:4      | Killed Pikel
  3574 | D:4      | Reached skill level 6 in Unarmed Combat
  3574 | D:4      | Reached skill level 5 in Shapeshifting
  3574 | D:4      | Reached XP level 8. HP: 32/88 MP: 8/8
  3606 | D:4      | Found a glowing silver altar of Zin.
  3607 | D:4      | Found a sacrificial altar of Ru.
  3650 | D:4      | Noticed Edmund
  3661 | D:4      | Reached skill level 7 in Unarmed Combat
  3679 | D:4      | Killed Edmund
  3851 | D:4      | Found a glowing golden altar of the Shining One.
  3851 | D:4      | Noticed Duvessa
  3851 | D:4      | Noticed Dowan
  3868 | D:4      | Killed Duvessa
  3878 | D:4      | Killed Dowan
  4251 | D:5      | Entered Level 5 of the Dungeon
  4293 | D:5      | Reached skill level 8 in Unarmed Combat
  4357 | D:5      | Reached XP level 9. HP: 84/94 MP: 9/9
  4540 | D:5      | Noticed Prince Ribbit
  4607 | D:5      | Reached skill level 6 in Shapeshifting
  4824 | D:5      | Reached skill level 3 in Dodging
  4889 | D:5      | Found a shimmering altar of Xom.
  5157 | D:6      | Reached skill level 4 in Dodging
  5353 | D:6      | Reached skill level 1 in Shields
  5453 | D:6      | Reached *** piety under Trog
  5660 | D:6      | Reached skill level 2 in Shields
  5874 | D:7      | Reached skill level 9 in Unarmed Combat
  5883 | D:7      | Reached XP level 10. HP: 56/102 MP: 10/10
  5966 | D:7      | Reached skill level 3 in Shields
  6134 | D:7      | Noticed Joseph
  6155 | D:7      | Killed Joseph
  6190 | D:7      | Reached skill level 4 in Shields
  6322 | D:7      | Reached skill level 7 in Shapeshifting
  6395 | D:7      | Found an iron altar of Okawaru.
  6830 | D:8      | Identified the ring of Arrival {rCorr Slay+2}
  6838 | D:8      | Reached skill level 10 in Unarmed Combat
  7137 | D:8      | Reached skill level 5 in Shields
  7230 | D:8      | Reached **** piety under Trog
  7496 | D:8      | Noticed Psyche
  7515 | D:8      | Killed Psyche
  7629 | D:9      | Noticed an elephant
  7644 | D:9      | Found a staircase to the Lair.
  7661 | D:9      | Killed an elephant
  7671 | D:9      | Reached XP level 11. HP: 89/108 MP: 11/11
  7758 | D:9      | Noticed a two-headed ogre
  7767 | D:9      | Killed a two-headed ogre
  7884 | D:9      | Reached skill level 11 in Unarmed Combat
  8057 | D:9      | Reached skill level 8 in Shapeshifting
  8165 | D:9      | Reached skill level 6 in Shields
  8301 | D:9      | Found a hide-covered altar of Uskayaw.
  8852 | D:10     | Entered Level 10 of the Dungeon
  8883 | D:10     | Noticed Sonja
  8888 | Abyss:1  | Cast into level 1 of the Abyss (Sonja)
  9010 | Abyss:1  | Reached skill level 1 in Evocations
  9039 | Abyss:1  | Noticed a starcursed mass
  9040 | Abyss:1  | Noticed a bunyip
  9062 | Abyss:1  | Found a corrupted altar of Lugonu.
  9106 | Abyss:1  | Found a corrupted altar of Lugonu.
  9121 | Abyss:1  | Noticed a worldbinder
  9125 | Abyss:1  | Noticed a wolf spider
  9158 | Abyss:1  | Noticed a thrashing horror
  9172 | Abyss:1  | Noticed a starcursed mass
  9203 | Abyss:1  | Killed a starcursed mass
  9234 | Abyss:1  | Reached skill level 2 in Evocations
  9273 | Abyss:1  | Noticed a tentacled starspawn
  9274 | Abyss:1  | sure
  9283 | Abyss:1  | Killed a tentacled starspawn
  9284 | Abyss:1  | Reached skill level 12 in Unarmed Combat
  9284 | Abyss:1  | Reached skill level 3 in Evocations
  9306 | Abyss:1  | Noticed a green death
  9323 | Abyss:1  | sure
  9335 | Abyss:1  | HP: 25/162 [green death/poison arrow (42)]
  9336 | Abyss:1  | HP: 11/162 [poisoned by a green death (poison gas)]
  9337 | Abyss:1  | Succumbed to a green death's poison gas

Illustrated notes

### ###. #.. . #.#
##.## ######.... ##
#########......##....
#...h.....#.### #. #
#..X########.# #..#
#.#. ## ... .. .# .#.
..# ## .. # #. ### .
. .


Turn 9274 on Abyss:1: sure ########### ..........# ..........#
..........######## #h.#...... ##.#...# #.#.# #..#.# . #2### #.##.# ... ##. ## .#
.. .# Turn 9323 on Abyss:1: sure

Levels and vault maps discovered:
D:1:      dpeg_arrival_line_fractal, layout_rooms,
          chequers_serial_rivers_micro_a
D:2:      layout_loops_ring, basic_altar, ebering_ecumenical_altar_box,
          serial_shops, nicolae_shop_crystal, uniq_crazy_yiuf_cottage,
          uniq_robin, uniq_natasha
D:3:      layout_loops_cross, mainiacjoe_overflow_small_starburst,
          minmay_curled_crystal
D:4:      layout_rooms, nicolae_tso_swordbearing_angel,
          chequers_temple_overflow_statue_of_worship, temple_doors_e,
          kennysheep_opposing_triangles, uniq_edmund, uniq_duvessa, uniq_pikel
D:5:      layout_loops_ring, kennysheep_mini, regret_index_xom_of_box,
          st_stairs_8, grunt_decor_arrowhead, uniq_prince_ribbit1
D:6:      layout_loops_ring, skrybe_limestone_x
D:7:      layout_loops_ring, amcnicky_altar_gilded, minmay_fire_ice_demons,
          uniq_joseph
D:8:      layout_basic, uniq_psyche
D:9:      nicolae_whirlpool, layout_basic, nicolae_uskayaw_dance_hall,
          david_lair_generic
D:10:     layout_roguey, gammafunk_temple_overflow_statue, hiddenorc1_lemuel,
          uniq_sonja
Abyss:1:  base:
D:1

Skill      XL: |  1  2  3  4  5  6  7  8  9 10 11 |
---------------+----------------------------------+-----
Fighting       | 2 13 | 13.6
Unarmed Combat | 4 5 6 8 9 10 12 | 12.1
Shapeshifting  | 4 5 6 7 8 |  8.6
Dodging        | 4 |  4.0
Shields        | 2 5 6 |  6.0
Evocations     | 3 |  3.0

Action                     |  1- 3 |  4- 6 |  7- 9 | 10-12 || total
---------------------------+-------+-------+-------+-------++-------
  Melee: Unarmed           |    69 |   200 |   253 |   304 ||   826
         Punch             |     1 |     4 |    10 |       ||    15
   Fire: Sling             |       |       |       |    49 ||    49
 Invoke: Berserk           |       |     1 |     6 |     8 ||    15
         Trog's Hand       |       |       |       |     1 ||     1
Ability: Hop               |       |       |     1 |       ||     1
  Evoke: Wand              |       |     1 |       |       ||     1
    Use: Potion            |     1 |     4 |       |     1 ||     6
         Scroll            |       |     6 |     4 |     8 ||    18
 Armour: Animal skin       |     3 |       |       |       ||     3
         Ring mail         |    41 |   138 |    34 |   145 ||   358
         Skin              |     3 |     2 |       |    21 ||    26
         Leather armour    |       |       |   109 |    15 ||   124
  Dodge: Dodged            |    43 |   104 |   121 |   127 ||   395
  Block: Buckler           |       |       |       |    49 ||    49
   Form: Beast             |     2 |     1 |       |     1 ||     4
                           |     1 |     1 |       |       ||     2
         Flux              |       |     1 |       |     1 ||     2
